 Dungeon Crawl Stone Soup version 0.20-a0-809-gaf7f668 (webtiles) character file.

887 Gorglomux the Jinx (level 7, -2/46 HPs)
             Began as a Vampire Enchanter on Mar 2, 2017.
             Slain by an iguana (7 damage)
             ... on level 5 of the Dungeon.
             The game lasted 00:10:43 (4873 turns).

Gorglomux the Jinx (Vampire Enchanter)              Turns: 4873, Time: 00:10:43

Health: -2/46      AC:  2    Str:  7    XL:     7   Next: 77%
Magic:  1/11       EV: 13    Int: 20    God:
Gold:   244        SH:  0    Dex: 17    Spells: 6/12 levels left

rFire    . . .     SeeInvis +   a - +2 short sword (drain)
rCold    . . .     Gourm    .   b - +0 robe
rNeg     + . .     Faith    .   (no shield)
rPois    .         Spirit   .   (no helmet)
rElec    .         Reflect  .   (no cloak)
rCorr    .         Harm     .   (no gloves)
MR       .....     Rnd*Tele +   (no boots)
Stlth    ++++......             (no amulet)
Regen    0.2/turn               Q - +3 ring of dexterity
MPRegen  0.2/turn               t - ring of teleportation (curse)

@: no status effects
A: fangs 3, see invisible, unbreathing
a: Bat Form


You were on level 5 of the Dungeon.
You were not thirsty.

You visited 1 branch of the dungeon, and saw 5 of its levels.
You also visited: Sewer.

You collected 244 gold pieces.

Inventory:

Hand Weapons
 a - a +2 short sword of draining (weapon)
Armour
 b - a +0 robe (worn)
Jewellery
 t - a cursed ring of teleportation (left hand)
 Q - a +3 ring of dexterity (right hand)
Wands
 L - a wand of lightning (4/15)
Scrolls
 g - a scroll of amnesia
 w - 2 scrolls of remove curse {unknown}
 x - 2 scrolls of enchant armour {unknown}
 R - 4 scrolls of identify
 T - a scroll of teleportation
 W - 2 scrolls of recharging {unknown}
 X - 3 scrolls of magic mapping {unknown}
 Z - a scroll of random uselessness {unknown}
Potions
 f - a potion of heal wounds {unknown}
 N - a potion of berserk rage {unknown}
 O - a potion of agility
 P - a potion of lignification {unknown}
 S - 19 potions of blood
 U - 3 potions of curing {unknown}
 V - 3 potions of brilliance {unknown}
 Y - 5 potions of flight {unknown}
Books
 c - a book of Maledictions

   Spells                             Type                      Level
   a - Corona                         Hexes                        1
   b - Ensorcelled Hibernation        Hexes/Ice                    2
   c - Confuse                        Hexes                        3
   d - Tukima's Dance                 Hexes                        3
   e - Dazzling Spray                 Conjuration/Hexes            3


   Skills:
 - Level 5.2 Short Blades
 - Level 2.1 Dodging
 - Level 8.3 Stealth
 + Level 3.1 Spellcasting
 + Level 8.7 Hexes


You had 6 spell levels left.
You knew the following spells:

 Your Spells              Type           Power        Failure   Level  Hunger
a - Corona                Hex            #####..      1%          1    None
x - Confuse               Hex            #####...     1%          3    ###....
z - Ensorcelled Hibernat  Hex/Ice        ###...       3%          2    ##.....


Dungeon Overview and Level Annotations

Branches:
Dungeon (5/15)
 Temple: D:4-7

Altars:
Nemelex Xobeh
Ru
Sif Muna
The Shining One


Innate Abilities, Weirdness & Mutations

You have razor-sharp teeth.
You have supernaturally acute eyesight. (SInv)
You can survive without breathing.


Message History

The iguana resists with significant effort.
The iguana bites you.
* * * LOW HITPOINT WARNING * * *
Unknown command.
Casting: Ensorcelled Hibernation
Confirm with . or Enter, or press ? or * to list all spells.
Aiming: Ensorcelled Hibernation
Press: ? - help, Shift-Dir - straight line, f/p - iguana
Aim: an iguana (chance to defeat MR: 59%)
The iguana resists with significant effort.
The iguana bites you!
* * * LOW HITPOINT WARNING * * *
Casting: Ensorcelled Hibernation
Confirm with . or Enter, or press ? or * to list all spells.
Aiming: Ensorcelled Hibernation
Press: ? - help, Shift-Dir - straight line, f/p - iguana
Aim: an iguana (chance to defeat MR: 59%)
The iguana resists with significant effort.
The iguana bites you!
You die...

..####.###.### .. .###
##.#.## ### #.#.# #...#
... #.#.# #...# # ...
#5..# #...# #
#.###..#######...#####
)...................<
#.#.#.#...............
#..hl@.<..............
.......#.#..##.#....#.###
#...Z.......##.#....#.# #
#####.>#.##.##.#...)# # #
#..#.##.##.#....#
#..#.##.##.#....#
#........ .. .....#...
.###


You could see an iguana, a hound, a crimson imp and a bullfrog zombie.

Vanquished Creatures
  2 ogres (D:4)
  A bullfrog (Sewer)
  A hound (D:4)
  3 orc priests
  Jessica (D:3)
  An iguana (D:5)
  2 orc wizards
  6 worker ants
  A hound skeleton (D:4)
  A worker ant zombie (D:5)
  Robin (D:2)
  6 gnolls
  7 adders
  A shadow imp (D:5)
  2 adder skeletons (D:4)
  3 worms
  5 leopard geckos
  7 orcs
  17 giant cockroaches
  11 goblins
  10 hobgoblins
  6 jackals
  5 kobolds
  A quokka (D:2)
  4 ball pythons
  4 bats
  13 frilled lizards
  2 rats
124 creatures vanquished.

Notes
Turn   | Place    | Note
-------+----------+-------------------------------------------
     0 | D:1      | Gorglomux the Vampire Enchanter began the quest for the Orb.
     0 | D:1      | Reached XP level 1. HP: 13/13 MP: 3/3
   754 | D:1      | Reached XP level 2. HP: 19/19 MP: 5/5
   762 | D:1      | Learned a level 2 spell: Ensorcelled Hibernation
  1071 | D:2      | Noticed Robin
  1159 | D:2      | Reached XP level 3. HP: 17/24 MP: 6/6
  1175 | D:2      | Killed Robin
  1520 | D:2      | Found a deep blue altar of Sif Muna.
  1892 | D:2      | Reached skill level 3 in Short Blades
  1892 | D:2      | Reached XP level 4. HP: 29/30 MP: 2/7
  1898 | D:2      | Learned a level 3 spell: Confuse
  1915 | D:2      | Found a sparkling altar of Nemelex Xobeh.
  2208 | D:3      | Noticed Jessica
  2215 | D:3      | Killed Jessica
  2281 | D:3      | Reached XP level 5. HP: 19/35 MP: 5/8
  2403 | D:3      | Found a glowing drain.
  2448 | D:3      | Reached skill level 6 in Stealth
  2541 | Sewer    | Entered a sewer
  2612 | Sewer    | Reached skill level 6 in Hexes
  3194 | D:3      | Found a glowing golden altar of the Shining One.
  3199 | D:3      | Found a sacrificial altar of Ru.
  3651 | D:4      | Reached XP level 6. HP: 36/41 MP: 9/9
  3968 | D:4      | Reached XP level 7. HP: 15/46 MP: 4/10
  4547 | D:5      | Entered Level 5 of the Dungeon
  4807 | D:5      | Reached skill level 3 in Spellcasting
  4873 | D:5      | Slain by an iguana

Vault maps used:
D:1:      dpeg_arrival_stone_temple_mockup
D:2:      lemuel_coloured_pillars_altar, minmay_misc_feat_four_crosses,
          nemelex_diamond_rough_becter, uniq_robin
D:3:      grunt_temple_overflow_open, gup_sewer_entry_pipe, uniq_jessica
D:5:      chequers_ossuary_entry_cave, first_bread, uniq_eustachio
Sewer:    sewer_frog_island_01

Skill      XL: |  1  2  3  4  5  6  7 |
---------------+----------------------+-----
Short Blades   | 2 3 4 5 |  5.2
Hexes          | 5 6 7 8 |  8.7
Stealth        | 5 6 7 8 |  8.3
Spellcasting   | 3 |  3.1
Dodging        | |  2.1

Action                   |  1- 3 |  4- 6 |  7- 9 || total
-------------------------+-------+-------+-------++-------
Melee: Short sword       |    76 |   167 |    91 ||   334
       Dagger            |     9 |       |       ||     9
       Bite              |     4 |     9 |     3 ||    16
 Cast: Ensorcelled Hiber |    14 |    22 |    14 ||    50
       Corona            |     2 |       |       ||     2
       Confuse           |       |     2 |     4 ||     6
 Abil: End Transformatio |     1 |       |       ||     1
       Bat Form          |     1 |       |       ||     1
  Use: Potion            |     9 |       |    11 ||    20
       Scroll            |     2 |       |       ||     2
 Stab: Sleeping          |     8 |    21 |    13 ||    42
       Distracted        |       |     1 |       ||     1
       Confused          |       |     1 |     2 ||     3
Armor: Robe              |    12 |    23 |     7 ||    42
Dodge: Dodged            |    50 |   120 |    54 ||   224
